 Dungeon Crawl Stone Soup version 0.24.0-125-gc4c63601f3 (webtiles) character file.

Game seed: 10092367452128760659, levelgen mode: deterministic

259 DavidChitty2 the Covered (level 6, -1/39 HPs)
             Began as a Gargoyle Fighter on Feb 20, 2020.
             Was an Initiate of Okawaru.
             Slain by an ogre
             ... wielding a cursed +0 giant club
              (6 damage)
             ... on level 4 of the Dungeon.
             The game lasted 00:04:52 (3090 turns).

DavidChitty2 the Covered (Gargoyle Fighter)         Turns: 3090, Time: 00:04:53

Health: -1/39      AC: 17    Str: 21    XL:     6   Next: 17%
Magic:  6/6        EV:  5    Int:  9    God:    Okawaru [......]
Gold:   118        SH:  9    Dex:  9    Spells: 5/5 levels left

rFire    + . .     SeeInvis .   a - +0 flail
rCold    . . .     Gourm    .   c - +0 shield
rNeg     + . .     Faith    .   s - +1 storm dragon scales
rPois    ∞         Spirit   .   (no helmet)
rElec    +         Reflect  .   (no cloak)
rCorr    .         Harm     .   (no gloves)
MR       .....                  (no boots)
Stlth    ..........             (no amulet)
HPRegen  0.13/turn              i - ring of protection from fire
MPRegen  0.10/turn              (no ring)

@: no status effects
A: negative energy resistance 1, electricity resistance, unbreathing,
petrification resistance, rot immunity, AC +4
a: Renounce Religion


You were on level 4 of the Dungeon.
You worshipped Okawaru.
Okawaru was noncommittal.
You were not hungry.

You visited 2 branches of the dungeon, and saw 5 of its levels.

You collected 118 gold pieces.

Inventory:

Hand Weapons
 a - a +0 flail (weapon)
Armour
 c - a +0 shield (worn)
 s - +1 storm dragon scales (worn)
   (You found it on level 2 of the Dungeon)
Jewellery
 i - a ring of protection from fire (left hand)
   (You found it on level 2 of the Dungeon)
Wands
 d - a wand of iceblast (12)
   (You found it on level 3 of the Dungeon)
Scrolls
 k - a scroll of magic mapping
 l - a scroll of immolation {!r}
 p - a scroll of remove curse {@r2}
 q - 2 scrolls of teleportation {@r4}
 r - 7 scrolls of identify {unknown}
Potions
 f - a potion of brilliance {unknown}
 g - 4 potions of curing {unknown}
 h - a potion of cancellation {unknown}
 n - a potion of agility {unknown}
 t - a potion of might
Comestibles
 b - 9 chunks of flesh
 e - 5 rations {!d}


   Skills:
 + Level 4.3 Fighting
 * Level 4.2 Maces & Flails
 + Level 4.3 Armour
 + Level 4.3 Shields
 + Level 0.6 Invocations


You had 5 spell levels left.
You didn't know any spells.
Your spell library was empty.

Dungeon Overview and Level Annotations

Branches:
Dungeon (4/15)             Temple (1/1) D:4

Altars:
Ashenzari
Cheibriados
Dithmenos
Elyvilon
Fedhas
Gozag
Kikubaaqudgha
Makhleb
Nemelex Xobeh
Okawaru
Qazlal
Sif Muna
Trog
Uskayaw
Vehumet
Xom
Yredelemnul
The Shining One

Annotations:
D:3 1 runed translucent door, LifeIsToil's ghost, amateur MfSk


Innate Abilities, Weirdness & Mutations

You are resistant to torment.
Your stone body is resilient. (AC +4)
You are immune to poison.
You resist negative energy. (rN+)
You are resistant to electric shocks. (rElec)
You can survive without breathing.
You are immune to petrification.
You are immune to rotting.


Message History

a +0 hand axe; a +0 flail; an orc skeleton x2
Things that are here:
a +0 short sword; a +0 leather armour
Things that are here:
a +0 flail; a +0 chain mail
r - 7 scrolls labeled ZOISAJERUA (gained 1)
Things that are here:
a +0 trident of flaming; an orc corpse You butcher the orc corpse.
b - 9 chunks of flesh (gained 2)
Things that are here:
a +0 trident of flaming; an orc skeleton
Things that are here:
a +0 trident of flaming; an orc skeleton
g - 4 viscous blue potions (gained 1)
You see here a +0 club.
You now have 104 gold pieces (gained 14).
Found a bubbling dark potion.
Found a stone staircase leading down.
h - a bubbling dark potion
Found a ration.
e - 5 rations {!d} (gained 1)
A quokka comes into view.
A quokka is nearby!
You block the quokka's attack.
You sock the quokka!
You kill the quokka!
Okawaru accepts your kill.
No target in view!
No target in view!
You now have 118 gold pieces (gained 14).
An ogre comes into view. It is wielding a +0 giant club.
The ogre shouts!
An ogre is nearby!
An ogre is nearby!
Found a scroll labeled ZOISAJERUA.
A frilled lizard comes into view.
The frilled lizard hisses angrily.
The frilled lizard hisses.
Your storm dragon scales prevents you from hitting the ogre.
The ogre barely misses you.
You closely miss the ogre.
The ogre hits you with a cursed +0 giant club!
You sock the ogre!
The ogre hits you with a cursed +0 giant club!!
* * * LOW HITPOINT WARNING * * *
You barely miss the ogre. The ogre barely misses you.
You hit the ogre.
The ogre hits you with a cursed +0 giant club.
You die...

,,,,.#......##P#...#P.#..###
,,**.............>....#*...#
..***,......##P#...#P#####.######
..* *,#........##.##....##..#....
.#* #.#.#(....).P.P..##..........
g# #.#..#..##.......########....
.# #.#..#.....#.#...######......
.## #.#........#.................
..###.#.......lO@....#####.......
..........#...###.)#.##....######
..###.#.#...#..##.))......## **
..........####.##..)<.....# *,
..........# #.##.........# *,
..........#* #..#.........# ***,
........#..# ##.......#####***,,,
........##.#*#...............,,,*
........#*.##..#..........###**,*


You could see an ogre and a frilled lizard.

Vanquished Creatures
  A howler monkey (D:4)
  A hound (Temple)
  2 worker ants (Temple)
  3 adders
  3 oozes
  2 worms
  2 dart slugs (D:1)
  6 leopard geckos
  9 orcs
  A ball python (D:1)
  11 bats
  4 giant cockroaches
  4 goblins
  8 hobgoblins
  3 jackals (D:3)
  3 quokkas
  3 frilled lizards
  6 kobolds
  7 rats
79 creatures vanquished.

Notes
Turn   | Place    | Note
-------+----------+-------------------------------------------
     0 | D:1      | DavidChitty2 the Gargoyle Fighter began the quest for the
                  | Orb.
     0 | D:1      | Reached XP level 1. HP: 14/14 MP: 1/1
   104 | D:1      | Reached XP level 2. HP: 19/19 MP: 2/2
   409 | D:1      | Reached XP level 3. HP: 23/23 MP: 3/3
   992 | D:2      | Reached XP level 4. HP: 24/29 MP: 4/4
  1636 | D:3      | Found a faded altar of an unknown god.
  1688 | D:3      | Found a snail-covered altar of Cheibriados.
  1699 | D:3      | Noticed a bullfrog
  1700 | D:3      | Found a runed translucent door.
  1701 | D:3      | Noticed LifeIsToil's ghost (amateur MfSk)
  1821 | D:3      | Found a shadowy altar of Dithmenos.
  1920 | D:3      | Reached XP level 5. HP: 33/33 MP: 5/5
  2465 | D:4      | Found a staircase to the Ecumenical Temple.
  2474 | Temple   | Entered the Ecumenical Temple
  2594 | Temple   | Became a worshipper of Warmaster Okawaru
  2966 | D:4      | Reached XP level 6. HP: 34/39 MP: 6/6
  3090 | D:4      | Slain by an ogre

Levels and vault maps discovered:
D:1:      minmay_arrival_jagged, layout_basic
D:2:      layout_loops_ring, first_ration, minmay_misc_feat_more_columns
D:3:      layout_basic, cheibriados_altar_1, lemuel_crystal_altar,
          chequers_ecumenical_altar_island, ebering_ghost_sewer_d
D:4:      layout_rooms, minmay_temple_entry_gardened_gates
Temple:   eino_temple_rhombus

Skill      XL: |  1  2  3  4  5 |
---------------+----------------+-----
Maces & Flails | 3 4 |  4.2
Fighting       | 4 |  4.3
Shields        | 4 |  4.3
Armour         | 4 |  4.3
Invocations    | |  0.6

Action                   |  1- 3 |  4- 6 || total
-------------------------+-------+-------++-------
Melee: Flail             |   146 |   165 ||   311
  Use: Scroll            |       |     8 ||     8
  Eat: Chunk             |     1 |     4 ||     5
       Ration            |       |     1 ||     1
Armor: Scale mail        |    87 |       ||    87
       Storm dragon scal |    10 |   122 ||   132
Dodge: Dodged            |    57 |    48 ||   105
Block: Shield            |   103 |   101 ||   204
